 Dungeon Crawl Stone Soup version 0.28.0-53-g5a82cb258f (webtiles) character file.

Game seed: 4060587495537781078

116 MisterFreud the Covert (level 5, 0/47 HPs)
             Began as a Gnoll Delver on June 1, 2022.
             Succumbed to a scorpion's poison
             ... on level 5 of the Dungeon.
             The game lasted 00:00:47 (154 turns).

MisterFreud the Covert (Gnoll Delver)                Turns: 154, Time: 00:00:47

Health: 0/47       AC:  3    Str: 11    XL:     5   Next: 1%
Magic:  6/6        EV: 13    Int: 12    God:
Gold:   32         SH:  0    Dex: 13    Spells: 6/6 levels left

rFire   . . .      SeeInvis .   a - +0 short sword
rCold   . . .      Faith    .   (no shield)
rNeg    . . .      Spirit   .   b - +0 leather armour
rPois   .          Reflect  .   (no helmet)
rElec   .          Harm     .   (no cloak)
rCorr   .          Rampage  .   (no gloves)
Will    .....                   (no boots)
Stlth   ++++......              (no amulet)
HPRegen 0.15/turn               (no ring)
MPRegen 0.10/turn               (no ring)

@: lethally poisoned (0 -> -3)
A: fangs 1, strong nose, distributed training
a: no special abilities


You were on level 5 of the Dungeon.
You visited 1 branch of the dungeon, and saw 2 of its levels.

You collected 32 gold pieces.

Inventory:

Hand Weapons
 a - a +0 short sword (weapon)
Missiles
 k - 3 boomerangs (quivered)
Armour
 b - a +0 leather armour (worn)
 h - a +0 scale mail
Wands
 g - a wand of digging (9)
Scrolls
 c - a scroll of fog
 d - a scroll of magic mapping
 e - a scroll of fear
 l - a scroll of noise {unknown}
Potions
 f - a potion of haste


   Skills:
 + Level 6.6 Fighting
 + Level 4.7 Short Blades
 + Level 1.3 Long Blades
 + Level 1.3 Axes
 + Level 1.3 Maces & Flails
 + Level 1.3 Polearms
 + Level 1.3 Staves
 + Level 1.3 Slings
 + Level 1.3 Bows
 + Level 1.3 Crossbows
 + Level 1.3 Throwing
 + Level 1.3 Armour
 + Level 4.7 Dodging
 + Level 9.6 Stealth
 + Level 1.3 Shields
 + Level 1.3 Unarmed Combat
 + Level 1.3 Spellcasting
 + Level 1.0 Conjurations
 + Level 1.0 Hexes
 + Level 1.0 Summonings
 + Level 1.0 Necromancy
 + Level 1.0 Translocations
 + Level 1.0 Transmutations
 + Level 1.0 Fire Magic
 + Level 1.0 Ice Magic
 + Level 1.0 Air Magic
 + Level 1.0 Earth Magic
 + Level 1.0 Poison Magic
 + Level 1.4 Invocations
 + Level 1.3 Evocations


You had 6 spell levels left.
You didn't know any spells.
Your spell library was empty.

Dungeon Overview and Level Annotations

Branches:
Dungeon (6/15)
 Temple: D:4-7

Altars:


Innate Abilities, Weirdness & Mutations

You have very sharp teeth.
Your uncanny sense of smell can sniff out nearby items.
Your experience applies equally to all skills.


Message History

The scorpion stings you but does no damage.
You closely miss the scorpion.
The scorpion is severely wounded.
The scorpion stings you.
You are poisoned.
The scorpion poisons you!
You are too injured to fight recklessly!
You hit the scorpion.
The scorpion is almost dead.
You feel very sick. The scorpion stings you.
You are too injured to fight recklessly!
You closely miss the scorpion.
You bite the scorpion, but do no damage.
The scorpion is almost dead.
You feel sick. The scorpion closely misses you.
You are too injured to fight recklessly!
You hit the scorpion but do no damage.
The scorpion is almost dead.
You feel sick.
The scorpion stings you but does no damage.
You hit the scorpion but do no damage.
The scorpion is almost dead.
You feel sick. The scorpion stings you.
* * * LOW HITPOINT WARNING * * *
Unknown command.
It was a potion of brilliance.
You feel clever all of a sudden.
You feel sick. The scorpion barely misses you.
It was a potion of cancellation.
Your magical effects are unravelling.
You feel magically purged.
You feel a little less clever now.
You feel sick. The scorpion stings you.
* * * LOW HITPOINT WARNING * * *
The scorpion closely misses you.
Unknown command.
You hit the scorpion but do no damage.
The scorpion is almost dead.
You die...

#..†.....#...........#
#..####†.#...........#
#..####..#...#########
#..####..#...##
#..####..#....#
#......(.#.#..#
#........#.#..#
####''####.##.##
#...@s......#
##..........#
#######....## ###..>#
#.#.# #...# #####


You could see a scorpion.

Vanquished Creatures
  A scorpion (D:5)
  A hound (D:5)
  A jelly (D:5)
3 creatures vanquished.

Notes
Turn   | Place    | Note
-------+----------+-------------------------------------------
     0 | D:5      | Reached skill level 9 in Stealth
     0 | D:5      | MisterFreud the Gnoll Delver began the quest for the Orb.
     0 | D:5      | Reached XP level 1. HP: 23/23 MP: 1/1
    71 | D:5      | Noticed a scorpion
    86 | D:5      | Noticed a hound
    86 | D:5      | Noticed a jelly
    87 | D:5      | Noticed a scorpion
    90 | D:5      | Killed a jelly
    91 | D:5      | Reached XP level 2. HP: 29/29 MP: 2/2
    91 | D:5      | Reached XP level 3. HP: 35/35 MP: 3/3
    98 | D:5      | Reached skill level 1 in Long Blades
    98 | D:5      | Reached skill level 1 in Axes
    98 | D:5      | Reached skill level 1 in Maces & Flails
    98 | D:5      | Reached skill level 1 in Polearms
    98 | D:5      | Reached skill level 1 in Staves
    98 | D:5      | Reached skill level 1 in Slings
    98 | D:5      | Reached skill level 1 in Bows
    98 | D:5      | Reached skill level 1 in Crossbows
    98 | D:5      | Reached skill level 1 in Throwing
    98 | D:5      | Reached skill level 1 in Armour
    98 | D:5      | Reached skill level 1 in Shields
    98 | D:5      | Reached skill level 1 in Unarmed Combat
    98 | D:5      | Reached skill level 1 in Spellcasting
    98 | D:5      | Reached skill level 1 in Invocations
    98 | D:5      | Reached skill level 1 in Evocations
    98 | D:5      | Reached XP level 4. HP: 41/41 MP: 3/5
   102 | D:5      | Killed a scorpion
   103 | D:5      | Reached skill level 1 in Conjurations
   103 | D:5      | Reached skill level 1 in Hexes
   103 | D:5      | Reached skill level 1 in Summonings
   103 | D:5      | Reached skill level 1 in Necromancy
   103 | D:5      | Reached skill level 1 in Translocations
   103 | D:5      | Reached skill level 1 in Transmutations
   103 | D:5      | Reached skill level 1 in Fire Magic
   103 | D:5      | Reached skill level 1 in Ice Magic
   103 | D:5      | Reached skill level 1 in Air Magic
   103 | D:5      | Reached skill level 1 in Earth Magic
   103 | D:5      | Reached skill level 1 in Poison Magic
   103 | D:5      | Reached XP level 5. HP: 47/47 MP: 3/6
   153 | D:5      | HP: 1/47 [scorpion (4)]
   154 | D:5      | Succumbed to a scorpion's poison

Illustrated notes

Levels and vault maps discovered:
D:5:      layout_basic, kennysheep_generic_room_6
D:6:      layout_cave_pods, temple_pool_b, grunt_decor_cap,
          corexii_leaking_fountain

Skill      XL: |  1  2  3  4 |
---------------+-------------+-----
Stealth        | |  9.6
Long Blades    | 1 |  1.3
Axes           | 1 |  1.3
Maces & Flails | 1 |  1.3
Polearms       | 1 |  1.3
Staves         | 1 |  1.3
Slings         | 1 |  1.3
Bows           | 1 |  1.3
Crossbows      | 1 |  1.3
Throwing       | 1 |  1.3
Armour         | 1 |  1.3
Shields        | 1 |  1.3
Unarmed Combat | 1 |  1.3
Spellcasting   | 1 |  1.3
Invocations    | 1 |  1.4
Evocations     | 1 |  1.3
Conjurations   | 1 |  1.0
Hexes          | 1 |  1.0
Summonings     | 1 |  1.0
Necromancy     | 1 |  1.0
Translocations | 1 |  1.0
Transmutations | 1 |  1.0
Fire Magic     | 1 |  1.0
Ice Magic      | 1 |  1.0
Air Magic      | 1 |  1.0
Earth Magic    | 1 |  1.0
Poison Magic   | 1 |  1.0
Fighting       | |  6.6
Short Blades   | |  4.7
Dodging        | |  4.7

Action                   |  1- 3 |  4- 6 || total
-------------------------+-------+-------++-------
Melee: Short sword       |     2 |    20 ||    22
       Bite              |       |     2 ||     2
  Use: Potion            |       |     2 ||     2
 Stab: Sleeping          |     2 |     1 ||     3
Armor: Leather armour    |       |     5 ||     5
Dodge: Dodged            |       |    11 ||    11
